 Dungeon Crawl Stone Soup version 0.30-a0-748-ge6a52f7cba (webtiles) character file.

Game seed: 4350771419315587294

1396 Leeroy the Nimble (level 8, -1/56 HPs)
             Began as a Merfolk Gladiator on Feb 8, 2023.
             Killed from afar by an orc wizard (3 damage)
             ... with a magic dart
             ... on level 5 of the Dungeon.
             The game lasted 00:06:05 (3553 turns).

Leeroy the Nimble (Merfolk Gladiator)               Turns: 3553, Time: 00:06:05

Health: -1/56      AC:  5    Str: 14    XL:     8   Next: 68%
Magic:  8/8        EV: 19    Int:  8    God:
Gold:   239        SH:  0    Dex: 17    Spells: 7/7 levels left

rFire   . . .      SeeInvis .    k - +1 rapier (elec)
rCold   . . .      Faith    .    (no shield)
rNeg    + . .      Spirit   .    b - +0 leather armour
rPois   .          Reflect  .    c - +0 helmet
rElec   .          Harm     .    r - +0 cloak
rCorr   .          Rampage  .    (no gloves)
Will    .....                    (no boots)
Stlth   +                        (no amulet)
HPRegen 0.29/turn                g - ring of positive energy
MPRegen 0.11/turn                (no ring)

@: no status effects
A: (nimble swimmer 2), mertail
a: no special abilities


You were on level 5 of the Dungeon.
You visited 1 branch of the dungeon, and saw 5 of its levels.
You also visited: Sewer.

You collected 239 gold pieces.

Inventory:

Hand Weapons
 a - a +0 long sword
 k - a +1 rapier of electrocution (weapon)
Missiles
 d - a throwing net (quivered)
 f - 3 silver javelins
 p - 4 poisoned darts
 H - a javelin
Armour
 b - a +0 leather armour (worn)
 c - a +0 helmet (worn)
 r - a +0 cloak (worn)
 y - a +1 robe of the Archmagi
Jewellery
 e - a ring of positive energy
 g - a ring of positive energy (left hand)
Scrolls
 h - 2 scrolls of identify
 j - 2 scrolls of immolation
 q - a scroll of torment {unknown}
 s - a scroll of magic mapping {unknown}
 z - a scroll of fear {unknown}
 A - a scroll of poison {unknown}
 B - a scroll of enchant armour {unknown}
 C - 2 scrolls of blinking {unknown}
 D - a scroll of amnesia {unknown}
 E - a scroll of brand weapon {unknown}
 F - a scroll of teleportation {unknown}
 G - a scroll of fog {unknown}
Potions
 i - 2 potions of might {unknown}
 l - 5 potions of heal wounds {unknown}
 m - a potion of flight {unknown}
 n - 2 potions of haste {unknown}
 o - a potion of curing {unknown}
 t - 2 potions of magic {unknown}
 u - a potion of brilliance {unknown}
 v - 2 potions of lignification {unknown}
 w - a potion of degeneration {unknown}
 x - a potion of cancellation {unknown}


   Skills:
 - Level 2.1 Fighting
 - Level 4.7 Long Blades
 - Level 2.0 Throwing
 + Level 13.5 Dodging


You had 7 spell levels left.
You didn't know any spells.
Your spell library contained the following spells:

 Spells                   Type           Power      Damage    Failure   Level
 Kindle Blastsparks       Fire/Tloc/Air  0%         2d10      86%         3
 Fulminant Prism          Conj/Hex       0%         3d5       99%         4
 Iskenderun's Mystic Bla  Conj/Tloc      0%         2d3       99%         4
 Lee's Rapid Deconstruct  Erth           0%         3d4*      100%        5


Dungeon Overview and Level Annotations

Branches:
Dungeon (5/15)              Sewer (visited)
 Temple: D:4-7

Altars:
Dithmenos
Hepliaklqana
Zin

Shops:
D:2 :


Innate Abilities, Weirdness & Mutations

((You are very nimble when in or above water. (Stealth+, EV+, Speed+++)))
Your lower body shifts to a powerful aquatic tail in water.


Message History

The orc warrior hits you with a +0 scimitar!
* * * LOW HITPOINT WARNING * * *
You completely miss the orc warrior. The orc warrior closely misses you.
You hit the orc warrior.
The orc warrior is lightly wounded.
The orc warrior completely misses you.
You hit the orc warrior.
The orc warrior is moderately wounded.
The orc warrior hits you with a +0 scimitar!
* * * LOW HITPOINT WARNING * * *
Okay, then.
You don't know any spells.
Throw: 2 throwing nets
Press: ? - help, Q - select action, (/) - cycle Shift-Dir - straight line, f - orc warrior
Aim: an orc warrior, wielding a +0 scimitar and wearing a +0 chain mail (moderately wounded, 58% to hit)
You throw a throwing net. The throwing net hits the orc warrior.
The orc warrior is caught in the net!
The orc warrior is moderately wounded.
The orc warrior struggles against the net.
You hit the orc warrior.
The orc warrior is moderately wounded.
The orc warrior struggles against the net.
You catch the helpless orc warrior completely off-guard!
You puncture the orc warrior!
The orc warrior is severely wounded.
The orc warrior struggles against the net.
You strike the helpless orc warrior from behind!
You hit the orc warrior.
The orc warrior is almost dead.
The orc warrior struggles against the net.
You puncture the orc warrior!
You kill the orc warrior!
An orc wizard appears from thin air!
Reactivating autopickup.
The orc wizard points at you and mumbles some strange words.
The magic dart hits you.
* * * LOW HITPOINT WARNING * * *
The orc wizard points at you and mumbles some strange words.
The magic dart hits you.
You die...

#..# #.## .. #..# #..# ..#
#..# ##..# #..####..## #...#
### #...#....###...#
.###..##### #..............#
..........##
##...........<##
...........##
###..........###
...........o###.@.........##
...........W{o............#
...........####.....##...##
..........## ##.....#...#
...######## ##........# .o
##........# #
########...†.....##
.................>##
..................)#


You could see a phantom and an orc wizard.

Vanquished Creatures
  A two-headed ogre (D:4)
  An orc warrior (D:5)
  An ogre (D:4)
  A centaur (D:5)
  A phantom (D:5)
  2 scorpions
  A hound (D:4)
  A jelly (D:4)
  Jessica (D:3)
  Natasha (twice) (D:3)
  An orc wizard (D:4)
  A hell rat (Sewer)
  4 gnolls
  3 adders
  4 river rats (Sewer)
  An ufetubus (D:5)
  A worm (D:5)
  3 dart slugs
  9 orcs
  6 endoplasms
  6 giant cockroaches
  6 goblins
  7 hobgoblins
  2 jackals (D:3)
  4 quokkas
  4 ball pythons
  3 bats (D:1)
  2 frilled lizards (D:1)
  3 kobolds
  6 rats
88 creatures vanquished.

Notes
Turn   | Place    | Note
-------+----------+-------------------------------------------
     0 | D:1      | Leeroy the Merfolk Gladiator began the quest for the Orb.
     0 | D:1      | Reached XP level 1. HP: 16/16 MP: 1/1
    82 | D:1      | Reached XP level 2. HP: 17/22 MP: 2/2
   373 | D:1      | Found a faded altar of an unknown god.
   807 | D:2      | Reached XP level 3. HP: 27/27 MP: 3/3
  1277 | D:2      | Found Nutiowna's Vocational Training.
  1279 | D:2      | You fall into a shaft and drop 2 floors!
  1304 | D:4      | Noticed a scorpion
  1311 | D:4      | Killed a scorpion
  1312 | D:4      | Reached skill level 6 in Dodging
  1312 | D:4      | Reached XP level 4. HP: 10/33 MP: 4/4
  1425 | D:4      | Found a hazy altar of Hepliaklqana.
  1434 | D:4      | Reached XP level 5. HP: 25/38 MP: 5/5
  1516 | D:4      | Noticed an ogre
  1521 | D:4      | Noticed a two-headed ogre
  1524 | D:4      | Killed an ogre
  1525 | D:4      | Reached skill level 7 in Dodging
  1556 | D:3      | Reached XP level 6. HP: 42/44 MP: 6/6
  1570 | D:3      | Noticed Jessica
  1576 | D:3      | Killed Jessica
  1577 | D:3      | Reached skill level 8 in Dodging
  1749 | D:3      | Found a glowing silver altar of Zin.
  1749 | D:3      | Found a shadowy altar of Dithmenos.
  1847 | D:3      | Noticed Natasha
  1856 | D:3      | Killed Natasha
  1864 | D:3      | Found a glowing drain.
  1881 | Sewer    | Entered a sewer
  1990 | Sewer    | Reached skill level 9 in Dodging
  2202 | D:3      | Noticed Natasha
  2211 | D:3      | Killed Natasha
  2501 | D:4      | Reached XP level 7. HP: 36/50 MP: 7/7
  2561 | D:4      | Killed a two-headed ogre
  2562 | D:4      | Reached skill level 12 in Dodging
  2562 | D:4      | Reached XP level 8. HP: 40/56 MP: 8/8
  2662 | D:5      | Entered Level 5 of the Dungeon
  3539 | D:5      | Reached skill level 13 in Dodging
  3545 | D:5      | HP: 2/56 [orc warrior/+0 scimitar (14)]
  3552 | D:5      | HP: 2/56 [orc wizard/magic dart (3)]
  3553 | D:5      | Killed from afar by an orc wizard

Illustrated notes

Levels and vault maps discovered:
D:1:      erik_arrival_cave_to_civilisation [erik_arrival_cave_to_hall],
          layout_basic, shapermc_ecumenical_altar_mp_ritualfount, minivault_23
D:2:      layout_basic, nicolae_shop_vocational
D:3:      wander_river, layout_loops_ring, mainiacjoe_overflow_divided_tiny,
          portal_sewer_entry_f, kennysheep_cluttered_room, uniq_jessica,
          uniq_natasha
D:4:      layout_rooms, worldfamousw_hep_ancestral_shrine, kennysheep_doodads
D:5:      layout_layer_cave, nicolae_overflow_hidden_temple,
          hangedman_decor_lopped, kennysheep_another_room

Skill      XL: |  1  2  3  4  5  6  7  8 |
---------------+-------------------------+-----
Long Blades    | 4 |  4.7
Dodging        | 6 7 9 12 13 | 13.5
Fighting       | |  2.1
Throwing       | |  2.0

Action                     |  1- 3 |  4- 6 |  7- 9 || total
---------------------------+-------+-------+-------++-------
  Melee: Long sword        |    26 |       |       ||    26
         Rapier            |    57 |   133 |    93 ||   283
         Tailslap          |       |     7 |       ||     7
         Punch             |       |     2 |     4 ||     6
  Throw: Dart              |       |     3 |       ||     3
         Javelin           |       |     1 |       ||     1
         Throwing net      |       |       |     2 ||     2
    Use: Scroll            |       |     1 |       ||     1
   Stab: Sleeping          |     1 |     1 |       ||     2
         Held in net/web   |       |       |     3 ||     3
 Armour: Leather armour    |    17 |    18 |    12 ||    47
  Dodge: Dodged            |    43 |   128 |    92 ||   263

Table legend: (Time is in decaauts)
 A = Elapsed time spent in this place.
 B = Non-inter-level travel time spent in this place.
 C = Inter-level travel time spent in this place.
 D = Time resting spent in this place.
 E = Time spent auto-exploring this place.
 F = Levels seen in this place.
 G = Mean time per level.
                   A        B        C        D        E       F      G
               +--------+--------+--------+--------+--------+-----+--------+
         Total |   3545 |   3406 |    139 |    245 |   2460 |   6 |  590.8 |
       Dungeon |   3370 |   3231 |    139 |    245 |   2355 |   5 |  674.0 |
         Sewer |    174 |    174 |      0 |      0 |    104 |   1 |  174.0 |
               +--------+--------+--------+--------+--------+-----+--------+

Top non-repeatable levels by time:
     D:4: 777 daAuts
     D:3: 747 daAuts
     D:1: 655 daAuts
     D:2: 629 daAuts
     D:5: 560 daAuts
   Sewer: 174 daAuts
